 Dungeon Crawl Stone Soup version 0.28.0 (webtiles) character file.

Game seed: 402558731191443139

2 psuckher the Sneak (level 1, 0/18 HPs)
             Began as a Demonspawn Delver on Feb 15, 2022.
             Slain by a quokka (1 damage)
             ... on level 5 of the Dungeon.
             The game lasted 00:02:18 (115 turns).

psuckher the Sneak (Demonspawn Delver)               Turns: 115, Time: 00:02:18

Health: 0/18       AC:  3    Str: 12    XL:     1   Next: 25%
Magic:  1/1        EV: 11    Int: 11    God:
Gold:   0          SH:  0    Dex: 14    Spells: 0/0 levels left

rFire   . . .      SeeInvis .   a - +0 hand axe
rCold   . . .      Faith    .   (no shield)
rNeg    . . .      Spirit   .   b - +0 leather armour
rPois   .          Reflect  .   (no helmet)
rElec   .          Harm     .   (no cloak)
rCorr   .          Rampage  .   (no gloves)
Will    .....                   (no boots)
Stlth   +++.......              (no amulet)
HPRegen 0.06/turn               (no ring)
MPRegen 0.07/turn               (no ring)

@: hasted, very quick
A: no striking features
a: no special abilities


You were on level 5 of the Dungeon.
You visited 1 branch of the dungeon, and saw 2 of its levels.

Inventory:

Hand Weapons
 a - a +0 hand axe (weapon)
Armour
 b - a +0 leather armour (worn)
 h - a +0 helmet
Wands
 g - a wand of digging (3)
Scrolls
 c - a scroll of fog
 d - a scroll of magic mapping


   Skills:
 + Level 3.0 Fighting
 + Level 1.7 Axes
 + Level 1.7 Dodging
 + Level 4.6 Stealth


You couldn't memorise any spells.
You didn't know any spells.
Your spell library was empty.

Dungeon Overview and Level Annotations

Branches:
Dungeon (5/15)
 Temple: D:4-7

Altars:

Shops:
D:5 (


Message History

An orc comes into view. It is wielding a +0 hand axe.
Found a dented citrine amulet and 4 boomerangs.
An orc wizard comes into view. It is wielding a +0 dagger.
A quokka comes into view.
There is an open door here.
The orc shouts!
You hear a shout!
There is an entrance to Umupn's Weapon Shoppe here.
You close the door.
You open the door.
You close the door.
You open the door.
An orc breaks down the door.
A wyvern zombie comes into view.
The quokka closely misses you.
The wyvern zombie moves out of view.
There is an open door here.
You hit the quokka.
The quokka is heavily wounded.
The quokka bites you.
* * * LOW HITPOINT WARNING * * *
You barely miss the quokka.
The quokka is heavily wounded.
The quokka barely misses you. The quokka misses you.
You completely miss the quokka.
The quokka is heavily wounded.
The quokka barely misses you. The quokka closely misses you.
You miss the quokka.
The quokka is heavily wounded.
The quokka barely misses you.
You completely miss the quokka.
The quokka is heavily wounded.
The quokka closely misses you. The quokka bites you.
* * * LOW HITPOINT WARNING * * *
You closely miss the quokka.
The quokka is moderately wounded.
The quokka bites you.
* * * LOW HITPOINT WARNING * * *
An ogre comes into view. It is wielding a +0 giant club.
You feel yourself speed up.
The ogre shouts!
The quokka bites you.
You die...

####.#######.......
#....>.......#####.
####.#...#####.......#
...)......# ##.#####.
####.#.>.># #.# #.
##.#####.##.#.####.#.#####
#......<..........###.....
#..##.#+###...###..#.#.###
# +or@....# #...##.#
#'###...# #..###.#
#.Oo.##......... ..$
#...#.....###.######
#...#...<.# #.#
........... ..# ..."..
......## ###...# (....
#.... .##.


You could see an ogre, an orc and a quokka.

Vanquished Creatures
  An orc (D:5)
1 creature vanquished.

Notes
Turn   | Place    | Note
-------+----------+-------------------------------------------
     0 | D:5      | psuckher the Demonspawn Delver began the quest for the Orb.
     0 | D:5      | Reached XP level 1. HP: 18/18 MP: 1/1
    45 | D:5      | Noticed a yak
    45 | D:5      | Noticed a yak
    46 | D:5      | Noticed a yak
    93 | D:4      | Noticed an orc priest
    93 | D:4      | Noticed an orc wizard
    93 | D:4      | Noticed a hound
    96 | D:5      | Found Umupn's Weapon Shoppe.
   101 | D:5      | Noticed an orc wizard
   107 | D:5      | Noticed a wyvern zombie
   114 | D:5      | Noticed an ogre
   115 | D:5      | Slain by a quokka

Illustrated notes

Levels and vault maps discovered:
D:4:      layout_basic, temple_green, goddamned_bats
D:5:      layout_loops_ring, serial_shops, nicolae_shop_behind_doors

Action                   || total
-------------------------++-------
Melee: Hand axe          ||    12
       Punch             ||     1
  Use: Scroll            ||     1
       Potion            ||     1
 Stab: Sleeping          ||     1
Armor: Leather armour    ||     1
Dodge: Dodged            ||    12
